 Dungeon Crawl Stone Soup version 0.31-a0-217-g58bb5d79cf (webtiles) character file.

Game seed: 13074670114861757697

108 Gargoyl the Trooper (level 4, -17/45 HPs)
             Began as a Gargoyle Berserker on July 3, 2023.
             Was a Believer of Trog.
             Killed from afar by Ijyb (20 damage)
             ... with a bolt of acid
             ... on level 3 of the Dungeon.
             The game lasted 00:02:40 (1487 turns).

Gargoyl the Trooper (Gargoyle Berserker)            Turns: 1487, Time: 00:02:40

Health: -17/45     AC:  7    Str: 21    XL:     4   Next: 87%
Magic:  4/4        EV:  6    Int:  7    God:    Trog [**....]
Gold:   100        SH:  0    Dex: 11    Spells: 3/3 levels left

rFire   . . .        a - +0 hand axe
rCold   . . .        (no shield)
rNeg    + . .        k - +0 plate armour
rPois   ∞            (no helmet)
rElec   +            (no cloak)
rCorr   .            j - +0 pair of gloves
SInv    .            (no boots)
Will    ++...        (no amulet) Stlth
                     (no ring)
HPRegen 1.27/turn    (no ring)
MPRegen 0.09/turn

%: no passive effects
@: berserking, strong-willed, corroded, regenerating, very quick
A: sickness immunity, AC +3, negative energy resistance 1, electricity
resistance, torment resistance 1, petrification resistance
a: Renounce Religion, Berserk, Trog's Hand


You were on level 3 of the Dungeon.
You worshipped Trog.
Trog was pleased with you.
You visited 1 branch of the dungeon, and saw 3 of its levels.

You collected 149 gold pieces.
You spent 49 gold pieces at shops.

Inventory:

Hand Weapons
 a - a +0 hand axe (weapon)
Missiles
 b - 6 curare-tipped darts (quivered)
 h - 6 poisoned darts
Armour
 j - a +0 pair of gloves (worn)
 k - a +0 plate armour (worn)
Scrolls
 e - 2 scrolls of teleportation
 i - 5 scrolls of identify
 l - a scroll of enchant weapon {unknown}
Potions
 c - a potion of might {unknown}
 d - a potion of berserk rage {unknown}
 f - a potion of heal wounds
 g - 2 potions of degeneration {unknown}
 m - a potion of brilliance {unknown}


   Skills:
 + Level 4.4 Fighting
 + Level 3.7 Axes
 + Level 2.4 Armour
 + Level 2.1 Dodging
 + Level 0.4 Stealth


You had 3 spell levels left.
You didn't know any spells.
Your spell library was empty.

Dungeon Overview and Level Annotations

Branches:
Dungeon (3/15)

Altars:

Shops:
D:2 [

Annotations:
D:3 Ijyb


Innate Abilities, Weirdness & Mutations

You are immune to sickness and miasma.
Your stone body is resilient. (AC +3)
You are immune to poison.
You resist negative energy. (rN+)
You are resistant to electric shocks. (rElec)
You are resistant to unholy torment.
You are immune to petrification.


Message History

Ouch! That really hurt!
* * * LOW HITPOINT WARNING * * *
The acid corrodes you!
It was a potion of heal wounds.
You feel much better.
Your skin crawls.
You feel strong-willed. Ijyb hits you but does no damage.
A red film seems to cover your vision as you go berserk!
You feel yourself moving faster!
You feel mighty!
Ijyb zaps a wand.
The bolt of acid hits you!
You hit Ijyb.
Ijyb is lightly wounded.
Ijyb barely misses you.
You barely miss Ijyb.
Ijyb is lightly wounded.
Ijyb hits you with a +0 dagger.
You hit Ijyb.
Ijyb is moderately wounded.
Ijyb hits you but does no damage.
You hit Ijyb.
Ijyb is moderately wounded.
Ijyb hits you with a +0 dagger.
You barely miss Ijyb.
Ijyb is moderately wounded.
You hit Ijyb but do no damage.
Ijyb is moderately wounded.
Ijyb zaps a wand.
The bolt of acid hits you!
You hit Ijyb but do no damage.
Ijyb is moderately wounded.
Ijyb hits you with a +0 dagger.
You slash Ijyb!
Ijyb is severely wounded.
You hit Ijyb.
Ijyb is severely wounded.
Ijyb zaps a wand.
The bolt of acid hits you!
* * * LOW HITPOINT WARNING * * *
You completely miss Ijyb.
Ijyb is severely wounded.
Ijyb zaps a wand.
The bolt of acid hits you!!
You die...

...).............####.#
.....).##........# .#
......#####....#.## #.
.##......##.......###...
......##^....#.#..#....#
.##.#.#..#...!.........
.#..#...#####........#..
##.##..######.#..#.....#
#.#............@.......
......#####.....g.##...
......## #.###...#
....#.# #. ###.# ...##.#
.. .. ##. #. ..# ..# ..
.# .#


You could see Ijyb.

Vanquished Creatures
  4 gnolls
  An adder (D:2)
  A worm (D:2)
  4 dart slugs
  An orc (D:3)
  4 ball pythons
  3 endoplasms (D:1)
  3 giant cockroaches
  7 hobgoblins
  A quokka (D:1)
  3 bats
  5 frilled lizards (D:1)
  5 goblins
  5 kobolds
  5 rats (D:1)
52 creatures vanquished.

Notes
Turn   | Place    | Note
-------+----------+-------------------------------------------
     0 | D:1      | Gargoyl the Gargoyle Berserker began the quest for the Orb.
     0 | D:1      | Reached XP level 1. HP: 14/14 MP: 1/1
    67 | D:1      | Reached XP level 2. HP: 19/19 MP: 2/2
   214 | D:1      | Reached XP level 3. HP: 24/24 MP: 3/3
   471 | D:1      | Reached ** piety under Trog
   814 | D:2      | Found Agoz's Armour Shoppe.
   824 | D:2      | Reached skill level 4 in Fighting
   854 | D:2      | Bought a +0 chain mail for 49 gold pieces
   883 | D:2      | Reached XP level 4. HP: 29/29 MP: 4/4
  1471 | D:3      | Noticed Ijyb
  1486 | D:3      | HP: 2/45 [Ijyb/bolt of acid (17)]
  1487 | D:3      | Killed from afar by Ijyb

Illustrated notes

Levels and vault maps discovered:
D:1:      minmay_arrival_up_and_down, layout_basic
D:2:      layout_rooms, serial_shops, shop, minmay_tetromino_i4
D:3:      layout_rooms, uniq_ijyb, uniq_robin

Skill      XL: |  1  2  3 |
---------------+----------+-----
Axes           | 3 |  3.7
Dodging        | 2 |  2.1
Fighting       | 4 |  4.4
Armour         | |  2.4
Stealth        | |  0.4

Action                     |  1- 3 |  4- 6 || total
---------------------------+-------+-------++-------
  Melee: Hand axe          |    96 |    61 ||   157
         Punch             |       |     1 ||     1
 Invoke: Berserk           |     1 |     2 ||     3
         Trog's Hand       |       |     2 ||     2
    Use: Scroll            |     6 |       ||     6
         Potion            |       |     1 ||     1
 Armour: Animal skin       |    36 |       ||    36
         Chain mail        |     4 |     9 ||    13
         Plate armour      |       |    19 ||    19
  Dodge: Dodged            |    80 |    20 ||   100

Table legend: (Time is in decaauts)
 A = Elapsed time spent in this place.
 B = Non-inter-level travel time spent in this place.
 C = Inter-level travel time spent in this place.
 D = Time resting spent in this place.
 E = Time spent auto-exploring this place.
 F = Levels seen in this place.
 G = Mean time per level.
                   A        B        C        D        E       F      G
               +--------+--------+--------+--------+--------+-----+--------+
         Total |   1523 |   1461 |     62 |      0 |    968 |   3 |  507.7 |
       Dungeon |   1523 |   1461 |     62 |      0 |    968 |   3 |  507.7 |
               +--------+--------+--------+--------+--------+-----+--------+

Top non-repeatable levels by time:
     D:1: 769 daAuts
     D:2: 655 daAuts
     D:3: 98 daAuts
